 Dungeon Crawl Stone Soup version 0.20-a0-1016-g241539b (webtiles) character file.

249 JeffiDaFish the Shield-Bearer (level 6, -1/38 HPs)
             Began as a Gargoyle Fighter on Apr 15, 2017.
             Killed from afar by Dowan (15 damage)
             ... with a stone arrow
             ... on level 4 of the Dungeon.
             The game lasted 00:05:14 (2737 turns).

JeffiDaFish the Shield-Bearer (Gargoyle Fighter)    Turns: 2737, Time: 00:05:15

Health: -1/38      AC: 13    Str: 20    XL:     6   Next: 12%
Magic:  6/6        EV:  8    Int:  8    God:
Gold:   149        SH:  9    Dex:  9    Spells: 5/5 levels left

rFire    . . .     SeeInvis +   a - +1 flail
rCold    . . .     Gourm    .   c - +0 shield
rNeg     + . .     Faith    .   b - +0 scale mail
rPois    ∞         Spirit   .   n - +0 hat {SInv}
rElec    +         Reflect  .   (no cloak)
rCorr    .         Harm     .   (no gloves)
MR       +....                  (no boots)
Stlth    ..........             (no amulet)
Regen    0.2/turn               (no ring)
MPRegen  0.1/turn               (no ring)

@: no status effects
A: thin metallic scales 1, clumsy 1, magic resistance 1, negative energy
resistance 1, electricity resistance, unbreathing, petrification resistance, rot
immunity, AC +4
a: no special abilities


You were on level 4 of the Dungeon.
You were not hungry.

You visited 1 branch of the dungeon, and saw 4 of its levels.

You collected 149 gold pieces.

Inventory:

Hand Weapons
 a - a +1 flail (weapon)
Armour
 b - a +0 scale mail (worn)
 c - a +0 shield (worn)
 n - a +0 hat of see invisible (worn)
Scrolls
 e - 4 scrolls of identify
 j - a scroll of remove curse
 k - a scroll of fear
Potions
 d - a potion of might
 h - a potion of cancellation
Comestibles
 f - 2 bread rations
 g - 4 meat rations
 i - 2 royal jellies
 l - a chunk of flesh


   Skills:
 + Level 3.8 Fighting
 + Level 3.6 Maces & Flails
 + Level 4.4 Armour
 + Level 1.4 Dodging
 + Level 0.5 Stealth
 + Level 4.6 Shields


You had 5 spell levels left.
You didn't know any spells.

Dungeon Overview and Level Annotations

Branches:
Dungeon (4/15)
 Temple: D:4-7

Altars:
Ashenzari
Hepliaklqana
The Shining One

Annotations:
D:4 Dowan


Innate Abilities, Weirdness & Mutations

You are resistant to torment.
Your stone body is resilient. (AC +4)
You are immune to poison.
You resist negative energy. (rN+)
You are resistant to electric shocks. (rElec)
You can survive without breathing.
You are immune to petrification.
You are immune to rotting.
You are partially covered in thin metallic scales. (AC +2)
You are clumsy. (Dex -2)
You are resistant to hostile enchantments. (MR+)


Message History

You thump Duvessa!
Duvessa is almost dead.
You block Duvessa's attack.
You hit Duvessa.
You kill Duvessa!
Dowan's eyes darken. "You have made a black mistake."
Dowan seems to find hidden reserves of power!
You have reached level 6!
Your experience leads to an increase in your attributes!
Your base attributes are Str 20, Int 8, Dex 10.
Increase (S)trength, (I)ntelligence, or (D)exterity?
You feel agile. Dowan casts a spell at you. The stone arrow hits you!
You feel better. Dowan casts a spell at you. The shard of ice hits you!
Dowan gestures at you while chanting. The stone arrow hits you!
You die...

### ..# #.#
#.# #.# #####
#e# #...# #.#
#.#.# #@#
#######.#.#
#.#
#...<...#.#
#.#
#.#.#...#.#
#.#
#.#..##.###.#
.....##.....#
......######.#
.......## ###
.......#


You could see Dowan.

Vanquished Creatures
  Duvessa (D:4)
  An orc priest (D:3)
  An iguana (D:4)
  3 adders (D:2)
  An adder zombie (D:4)
  A worm (D:2)
  A dart slug (D:2)
  3 leopard geckos
  4 orcs (D:3)
  3 giant cockroaches
  6 goblins
  5 hobgoblins
  2 jackals (D:2)
  A quokka (D:3)
  7 bats
  3 frilled lizards
  6 kobolds
  4 rats
53 creatures vanquished.

Notes
Turn   | Place    | Note
-------+----------+-------------------------------------------
     0 | D:1      | JeffiDaFish the Gargoyle Fighter began the quest for the Orb.
     0 | D:1      | Reached XP level 1. HP: 14/14 MP: 1/1
   333 | D:1      | Reached XP level 2. HP: 19/19 MP: 2/2
   929 | D:2      | Reached XP level 3. HP: 21/23 MP: 3/3
  1210 | D:2      | Gained mutation: You are clumsy. (Dex -2) [potion of mutation]
  1210 | D:2      | Gained mutation: You are resistant to hostile enchantments. (MR+) [potion of mutation]
  1210 | D:2      | Gained mutation: You are partially covered in thin metallic scales. (AC +2) [potion of mutation]
  1343 | D:2      | Found a glowing golden altar of the Shining One.
  1343 | D:2      | Found a shattered altar of Ashenzari.
  1346 | D:2      | Found a hazy altar of Hepliaklqana.
  1517 | D:2      | Reached skill level 1 in Dodging
  1517 | D:2      | Reached XP level 4. HP: 27/28 MP: 4/4
  2361 | D:3      | Reached XP level 5. HP: 32/32 MP: 5/5
  2724 | D:4      | Noticed Duvessa
  2725 | D:4      | Noticed Dowan
  2735 | D:4      | Killed Duvessa
  2735 | D:4      | Reached XP level 6. HP: 12/38 MP: 6/6
  2737 | D:4      | Killed from afar by Dowan

Vault maps used:
D:1:      dpeg_arrival_boxes_within_box
D:2:      gammafunk_temple_overflow_claw
D:3:      grunt_decor_mini_mirrors
D:4:      lightli_temple_of_fire, nicolae_gozag_cash_rules_everything_around_me,
          serial_undead, serial_undead_a, serial_undead_e, serial_undead_c,
          serial_undead_d, lightli_ossuary_entry_decrepit_ruins, serial_shops,
          shop, first_bread, minmay_surrounded, uniq_iyjb, uniq_duvessa

Skill      XL: |  1  2  3  4  5 |
---------------+----------------+-----
Dodging        | 1 |  1.4
Shields        | 4 |  4.6
Maces & Flails | 3 |  3.6
Armour         | 4 |  4.4
Fighting       | |  3.8
Stealth        | |  0.5

Action                   |  1- 3 |  4- 6 || total
-------------------------+-------+-------++-------
Melee: Flail             |   122 |    95 ||   217
  Use: Scroll            |     8 |       ||     8
       Potion            |     6 |     3 ||     9
  Eat: Chunk             |     2 |     4 ||     6
Armor: Scale mail        |    80 |    50 ||   130
Dodge: Dodged            |    44 |    28 ||    72
Block: Shield            |    58 |    51 ||   109
